 Seeded DCSS version 0.32-a0-900-g30fb1b0edc (webtiles) character file.

Game seed: 202404058 (custom seed)

438 Orlauf the Twirler (level 6, -2/73 HPs)
             Began as a Demonspawn Gladiator on Apr 5, 2024.
             Slain by Edmund
             ... wielding a +4 dire flail of holy wrath
              (18 damage)
             ... on level 5 of the Dungeon.
             The game lasted 00:03:57 (3743 turns).

Orlauf the Twirler (Demonspawn Gladiator)           Turns: 3743, Time: 00:03:58

Health: -2/73      AC: 10    Str: 23    XL:     6   Next: 69%
Magic:  6/6        EV:  8    Int:  8    God:
Gold:   212        SH:  0    Dex: 14    Spells: 5/5 levels left

rFire   . . .        a - +0 quarterstaff
rCold   . . .        (shield currently unavailable)
rNeg    . . .        g - +0 chain mail
rPois   .            c - +1 helmet
rElec   .            (no cloak)
rCorr   .            (gloves unavailable)
SInv    .            (no boots)
Will    .....        (no amulet) Stlth
                     o - +6 ring of strength
HPRegen 0.32/turn    (no ring)
MPRegen 0.10/turn

%: no passive effects
@: berserking (expiring), very quick
A: claws 3
a: Convert to Beogh


You were on level 5 of the Dungeon.
You visited 1 branch of the dungeon, and saw 5 of its levels.

You collected 212 gold pieces.

Inventory:

Hand Weapons
 a - a +0 quarterstaff (weapon)
 l - a +0 quarterstaff
Missiles
 d - 3 throwing nets (quivered)
 e - a javelin
Armour
 c - a +1 helmet (worn)
 g - a +0 chain mail (worn)
Jewellery
 m - a ring of wizardry
 o - a +6 ring of strength (left claw)
 q - a ring of fire
Scrolls
 f - 3 scrolls of vulnerability
Potions
 b - a potion of lignification {unknown}
 j - 2 potions of curing
 k - a potion of mutation {unknown}
 n - a potion of invisibility {unknown}
 p - a potion of attraction {unknown}


   Skills:
 + Level 4.4 Fighting
 * Level 5.9 Staves
 - Level 1.7 Throwing
 - Level 2.6 Dodging


You had 5 spell levels left.
You didn't know any spells.
Your spell library contained the following spells:

 Spells                   Type           Power      Damage    Failure   Level
 Necrotise                Necr           0%         1d4       97%         1
 Ensorcelled Hibernation  Hex/Ice        0%         N/A       99%         2
 Passwall                 Erth           0%         N/A       100%        3
 Swiftness                Air            0%         N/A       100%        3
 Vampiric Draining        Necr           0%         2d6       100%        3
 Martyr's Knell           Necr/Summ      0%         N/A       100%        4
 Curse of Agony           Necr           0%         N/A       100%        5


Dungeon Overview and Level Annotations

Branches:
Dungeon (5/15)
 Temple: D:4-7

Altars:
Kikubaaqudgha
Qazlal
Vehumet

Shops:
D:4 (

Annotations:
D:5 Edmund


Innate Abilities, Weirdness & Mutations

You have claws for hands.


Message History

The orc hits you with a +0 hand axe. The orc barely misses you.
A red film seems to cover your vision as you go berserk!
You feel yourself moving faster!
You feel mighty!
The orc priest hits you with a +2 dagger of protection.
The orc hits you with a +0 hand axe. The orc hits you but does no damage.
You hit the orc priest but do no damage.
The orc priest shouts, "Surrender to Beogh and we'll let you live!"
The orc priest miscasts a cantrip.
The orc hits you with a +0 hand axe. The orc hits you with a +0 club.
You sock the orc priest!
The orc priest is heavily wounded.
The orc priest shouts, "The Pantheon deserves no one's loyalty.
Let us show you the true path!"
The orc priest hits you but does no damage.
The orc hits you but does no damage. x2
The orc priest threatens, "Beogh's wrath is as vast as their mercy.
Make your choice!"
You thump the orc priest!
You kill the orc priest!
The orc priest hits you but does no damage.
The orc hits you but does no damage. The orc attacks as it pursues you!
The orc hits you with a +0 club.
Edmund hits you with a +4 dire flail of holy wrath!
You convulse.
Things that are here:
a +2 dagger of protection; a +0 ring mail You barely miss the orc priest.
The orc priest hits you but does no damage.
The orc hits you with a +0 hand axe. Edmund barely misses you.
The orc completely misses you.
The orc priest threatens, "Beogh's wrath is as vast as their mercy.
Make your choice!"
You hit the orc priest.
The orc priest is moderately wounded.
You hit the orc priest but do no damage.
The orc priest is moderately wounded.
The orc priest hits you but does no damage.
The orc closely misses you.
Edmund hits you with a +4 dire flail of holy wrath!
* * * LOW HITPOINT WARNING * * *
You convulse!!
You die...
Edmund says, "I'd like to see a scythe do that!"

# ##..#
#######...##
.......#...##
......^###..###
......# ##...##
......# ##...##
......# ###..##
.....## ##oo##
.....# ##@o#
.#..##
##@.....# ..>.#
#..(... #...#
...... #..##
..... ...#
..... ...# ....
..## .... ..#


You could see Edmund, an orc priest and 2 orcs.

Vanquished Creatures
  A black bear (D:5)
  2 phantoms
  A bombardier beetle (D:5)
  An orc priest (D:5)
  An iguana (D:5)
  2 adders
  A dart slug (D:5)
  4 orcs
  5 ball pythons
  9 endoplasms
  2 giant cockroaches
  10 goblins
  9 hobgoblins
  4 jackals (D:2)
  8 kobolds
  3 quokkas
  8 bats
  3 frilled lizards (D:3)
  10 rats
84 creatures vanquished.

Notes
Turn   | Place    | Note
-------+----------+-------------------------------------------
     0 | D:1      | Orlauf the Demonspawn Gladiator began the quest for the
                  | Orb.
     0 | D:1      | Reached XP level 1. HP: 16/16 MP: 1/1
   149 | D:1      | Reached skill level 3 in Staves
   151 | D:1      | Gained mutation: You have sharp fingernails. [demonic
                  | ancestry]
   151 | D:1      | Reached XP level 2. HP: 19/22 MP: 2/2
  1074 | D:2      | Reached XP level 3. HP: 28/28 MP: 3/3
  1320 | D:3      | Found a radiant altar of Vehumet.
  1481 | D:3      | Found an ancient bone altar of Kikubaaqudgha.
  1943 | D:3      | Reached XP level 4. HP: 30/34 MP: 4/4
  1946 | D:3      | Reached skill level 4 in Staves
  2451 | D:4      | Found Neptumogh's Weapon Boutique.
  2849 | D:4      | Found a stormy altar of Qazlal.
  3003 | D:4      | Noticed a phantom
  3030 | D:4      | Killed a phantom
  3031 | D:4      | Gained mutation: You have very sharp fingernails. [demonic
                  | ancestry]
  3031 | D:4      | Reached XP level 5. HP: 24/41 MP: 5/5
  3285 | D:5      | Entered Level 5 of the Dungeon
  3446 | D:5      | Reached skill level 5 in Staves
  3563 | D:5      | Noticed a phantom
  3580 | D:5      | Killed a phantom
  3581 | D:5      | Gained mutation: You have claws for hands. [demonic
                  | ancestry]
  3581 | D:5      | Reached XP level 6. HP: 38/48 MP: 6/6
  3729 | D:5      | Noticed Edmund
  3743 | D:5      | Slain by Edmund

Illustrated notes

Levels and vault maps discovered:
D:1:      lightli_arrival_maybe_door_vault, layout_loops_ring,
          minmay_misc_feat_columns, glass_columns_b, serial_bayou_pond_b
D:2:      layout_loops_ring, ebering_dispersal_statue_hall
D:3:      layout_basic, lemuel_round_altar, lemuel_crystal_altar
D:4:      layout_gridville, mainiacjoe_overflow_tiny_flanked, serial_shops, shop
D:5:      layout_cave_pods, serial_glass, glass_columns_b, glass_columns_b,
          palyth_stone_intersect, uniq_crazy_yiuf_cottage, uniq_edmund,
          uniq_grinder, uniq_pikel

Skill      XL: |  1  2  3  4  5 |
---------------+----------------+-----
Staves         | 3 4 5 |  5.9
Fighting       | 3 4 |  4.4
Throwing       | |  1.7
Dodging        | |  2.6

Action                     |  1- 3 |  4- 6 || total
---------------------------+-------+-------++-------
  Melee: Quarterstaff      |   150 |   148 ||   298
    Use: Scroll            |     4 |     5 ||     9
         Potion            |       |     3 ||     3
 Armour: Leather armour    |    31 |       ||    31
         Chain mail        |    83 |   144 ||   227
  Dodge: Dodged            |    69 |    61 ||   130

Table legend: (Time is in decaauts)
 A = Elapsed time spent in this place.
 B = Non-inter-level travel time spent in this place.
 C = Inter-level travel time spent in this place.
 D = Time resting spent in this place.
 E = Time spent auto-exploring this place.
 F = Levels seen in this place.
 G = Mean time per level.
                   A        B        C        D        E       F      G
               +--------+--------+--------+--------+--------+-----+--------+
         Total |   3771 |   3696 |     75 |     98 |   2980 |   5 |  754.2 |
       Dungeon |   3771 |   3696 |     75 |     98 |   2980 |   5 |  754.2 |
               +--------+--------+--------+--------+--------+-----+--------+

Top non-repeatable levels by time:
     D:3: 1060 daAuts
     D:4: 921 daAuts
     D:1: 723 daAuts
     D:2: 608 daAuts
     D:5: 456 daAuts
